 Dungeon Crawl Stone Soup version 0.29.1-1-gd02db6906a (webtiles) character file.

Game seed: 518428343400669840

3240 zeram the Blocker (level 9, -3/74 HPs)
             Began as a Gnoll Fighter on Oct 10, 2022.
             Was an Initiate of Gozag.
             Slain by a yak (5 damage)
             ... on level 7 of the Dungeon.
             The game lasted 00:13:05 (7027 turns).

zeram the Blocker (Gnoll Fighter)                   Turns: 7027, Time: 00:13:06

Health: -3/74      AC: 16    Str: 20    XL:     9   Next: 99%
Magic:  16/16      EV:  8    Int:  8    God:    Gozag
Gold:   391        SH: 14    Dex: 11    Spells: 17/17 levels left

rFire   . . .      SeeInvis .   a - +1 trident
rCold   . . .      Faith    .   v - +0 tower shield
rNeg    . . .      Spirit   .   f - +0 plate armour
rPois   .          Reflect  .   u - +0 helmet
rElec   .          Harm     .   A - +0 cloak
rCorr   +          Rampage  .   (no gloves)
Will    .....                   (no boots)
Stlth   ..........              j - amulet of magic regeneration
HPRegen 0.22/turn               i - ring of resist corrosion
MPRegen 0.55/turn               x - +4 ring of evasion

@: gold aura, hasted, very quick
A: fangs 1, strong nose, distributed training
a: Renounce Religion, Potion Petition, Call Merchant, Bribe Branch


You were on level 7 of the Dungeon.
You worshipped Gozag.
Gozag was aware of your devotion.
You visited 2 branches of the dungeon, and saw 8 of its levels.

You collected 631 gold pieces.
You spent 169 gold pieces at shops.
You paid 71 gold pieces to Gozag.

Inventory:

Hand Weapons
 a - a +1 trident (weapon)
Armour
 f - a +0 plate armour (worn)
 u - a +0 helmet (worn)
 v - a +0 tower shield (worn)
 A - a +0 cloak (worn)
Jewellery
 i - a ring of resist corrosion (left hand)
 j - an amulet of magic regeneration (around neck)
 k - a ring of flight
 p - a ring of protection from cold
 x - a +4 ring of evasion (right hand)
Wands
 q - a wand of iceblast (7)
 B - a wand of flame (29)
Scrolls
 b - a scroll of enchant armour {unknown}
 n - a scroll of magic mapping
Potions
 e - 2 potions of brilliance {unknown}
 m - 2 potions of curing


   Skills:
 + Level 8.3 Fighting
 + Level 4.9 Short Blades
 + Level 4.9 Long Blades
 + Level 4.9 Axes
 + Level 4.9 Maces & Flails
 + Level 6.8 Polearms
 + Level 4.9 Staves
 + Level 4.9 Ranged Weapons
 + Level 4.9 Throwing
 + Level 8.3 Armour
 + Level 4.9 Dodging
 + Level 4.9 Stealth
 + Level 8.3 Shields
 + Level 4.9 Unarmed Combat
 + Level 4.9 Spellcasting
 + Level 4.1 Conjurations
 + Level 4.1 Hexes
 + Level 4.1 Summonings
 + Level 4.1 Necromancy
 + Level 4.1 Translocations
 + Level 4.1 Transmutations
 + Level 4.1 Fire Magic
 + Level 4.1 Ice Magic
 + Level 4.1 Air Magic
 + Level 4.1 Earth Magic
 + Level 4.1 Poison Magic
 + Level 5.4 Invocations
 + Level 4.9 Evocations


You had 17 spell levels left.
You didn't know any spells.
Your spell library contained the following spells:

 Spells                   Type           Power      Damage    Failure   Level
 Slow                     Hex            32%        N/A       100%        1
 Sting                    Tmut/Pois      32%        1d4       100%        1
 Poisonous Vapours        Pois/Air       16%        N/A       100%        2
 Confusing Touch          Hex            8%         N/A       100%        3
 Vampiric Draining        Necr           8%         2d6       100%        3
 Cause Fear               Hex            4%         N/A       100%        4
 Olgreb's Toxic Radiance  Pois           8%         N/A       100%        4
 Petrify                  Tmut/Erth      8%         N/A       100%        4
 Metabolic Englaciation   Hex/Ice        4%         N/A       100%        5
 Statue Form              Tmut/Erth      5%         N/A       100%        6
 Dragon Form              Tmut           4%         N/A       100%        7
 Dragon's Call            Summ           4%         N/A       100%        9


Dungeon Overview and Level Annotations

Branches:
Dungeon (7/15)             Temple (1/1) D:5

Altars:
Ashenzari
Cheibriados
Elyvilon
Gozag
Hepliaklqana
Kikubaaqudgha
Makhleb
Okawaru
Sif Muna
Trog
Uskayaw
Vehumet
Xom
Yredelemnul
Zin
The Shining One

Shops:
D:5 !

Annotations:
Temple 2 transporters


Innate Abilities, Weirdness & Mutations

You have very sharp teeth.
Your uncanny sense of smell can sniff out nearby items.
Your experience applies equally to all skills.


Message History

You hit the yak.
The yak is lightly wounded.
You block the yak's attack.
You barely miss the yak.
The yak is lightly wounded.
The yak gores you.
* * * LOW HITPOINT WARNING * * *
You barely miss the yak.
The yak is lightly wounded.
You barely miss the yak. Your bite misses the yak.
The yak is lightly wounded.
You block the yak's attack.
You barely miss the yak.
The yak is lightly wounded.
The yak is distracted by your dazzling golden aura.
The yak bellows!
You hit the yak.
The yak is no longer distracted by gold.
Your bite misses the yak.
The yak is lightly wounded.
The yak gores you!
* * * LOW HITPOINT WARNING * * *
You hit the yak.
The yak is moderately wounded.
The yak is distracted by your dazzling golden aura.
The yak bellows!
You hit the yak.
The yak is no longer distracted by gold.
The yak is moderately wounded.
The yak gores you!
* * * LOW HITPOINT WARNING * * *
You puncture the yak!
The yak is heavily wounded.
The yak gores you.
* * * LOW HITPOINT WARNING * * *
You hit the yak but do no damage. You bite the yak, but do no damage.
The yak is heavily wounded.
The yak gores you.
You die...
Your body crumbles into a pile of gold.

#..#....#.####.####.....
##.##..##...#...# #.....
#Y##...#.....##........
##Y#.......#.# ###.....
#.........#.# ###.....
#.Y.###..##.##..<.....
#..## #..#..........
####..####......###..#
#.....YY@...###..##..#
###....####.# ##.....###
##...# ##.###....(...
##...## #......#..###
###.....# ##.######.#
#.......####.## .#
#####.....##.# #
#.####...# ### ###.#


You could see 2 yaks.

Vanquished Creatures
  A wyvern (D:4)
  9 yaks (D:7)
  4 vampire mosquitoes (D:6)
  An acid dragon (D:7)
  2 black bears
  2 centaurs (D:6)
  The ghost of bakla the Sneak, an amateur KoBr (D:3)
  Blork the orc (D:4)
  A phantom (D:6)
  2 scorpions
  A howler monkey (D:7)
  2 jellies (D:7)
  2 hounds
  An iguana (D:5)
  Natasha (twice) (D:4)
  11 adders
  7 gnolls
  2 white imps
  2 ufetubi (D:7)
  A worm (D:2)
  3 dart slugs
  18 orcs
  5 ball pythons
  6 bats
  6 endoplasms
  2 giant cockroaches
  3 goblins (D:4)
  5 hobgoblins
  6 jackals
  4 quokkas
  5 frilled lizards
  8 kobolds
  5 rats
131 creatures vanquished.

Notes
Turn   | Place    | Note
-------+----------+-------------------------------------------
     0 | D:1      | zeram the Gnoll Fighter began the quest for the Orb.
     0 | D:1      | Reached XP level 1. HP: 23/23 MP: 1/1
   248 | D:1      | Reached XP level 2. HP: 29/29 MP: 2/2
   689 | D:2      | Found a faded altar of an unknown god.
   698 | D:2      | Reached XP level 3. HP: 35/35 MP: 3/3
   893 | D:2      | Reached skill level 1 in Invocations
  1192 | D:2      | Reached skill level 1 in Short Blades
  1192 | D:2      | Reached skill level 1 in Long Blades
  1192 | D:2      | Reached skill level 1 in Axes
  1192 | D:2      | Reached skill level 1 in Maces & Flails
  1192 | D:2      | Reached skill level 1 in Staves
  1192 | D:2      | Reached skill level 1 in Ranged Weapons
  1192 | D:2      | Reached skill level 1 in Throwing
  1192 | D:2      | Reached skill level 1 in Dodging
  1192 | D:2      | Reached skill level 1 in Stealth
  1192 | D:2      | Reached skill level 1 in Unarmed Combat
  1192 | D:2      | Reached skill level 1 in Spellcasting
  1192 | D:2      | Reached skill level 1 in Evocations
  1536 | D:3      | Reached XP level 4. HP: 41/41 MP: 5/5
  1546 | D:3      | Reached skill level 1 in Conjurations
  1546 | D:3      | Reached skill level 1 in Hexes
  1546 | D:3      | Reached skill level 1 in Summonings
  1546 | D:3      | Reached skill level 1 in Necromancy
  1546 | D:3      | Reached skill level 1 in Translocations
  1546 | D:3      | Reached skill level 1 in Transmutations
  1546 | D:3      | Reached skill level 1 in Fire Magic
  1546 | D:3      | Reached skill level 1 in Ice Magic
  1546 | D:3      | Reached skill level 1 in Air Magic
  1546 | D:3      | Reached skill level 1 in Earth Magic
  1546 | D:3      | Reached skill level 1 in Poison Magic
  1674 | D:3      | Found a transporter.
  1737 | D:3      | Found a transporter.
  1740 | D:3      | Noticed bakla's ghost (amateur KoBr)
  2205 | D:3      | Killed bakla's ghost
  2206 | D:3      | Reached XP level 5. HP: 41/47 MP: 7/7
  2474 | D:4      | Noticed a wyvern
  2886 | D:4      | Noticed Blork the orc
  2895 | D:4      | Killed Blork the orc
  2896 | D:4      | Reached skill level 5 in Polearms
  2896 | D:4      | Reached XP level 6. HP: 45/53 MP: 7/9
  2961 | D:4      | Noticed Natasha
  2968 | D:4      | Killed Natasha
  3129 | D:4      | Killed a wyvern
  3130 | D:4      | Reached XP level 7. HP: 36/60 MP: 10/10
  3307 | D:4      | Noticed Natasha
  3316 | D:4      | Killed Natasha
  3622 | D:5      | Entered Level 5 of the Dungeon
  3658 | D:5      | Found Imid's Distillery.
  3686 | D:5      | Bought a potion of haste for 130 gold pieces
  3686 | D:5      | Bought a potion of curing for 39 gold pieces
  4075 | D:5      | Found a staircase to the Ecumenical Temple.
  4655 | Temple   | Entered the Ecumenical Temple
  4655 | Temple   | Found a transporter.
  4655 | Temple   | Found a transporter.
  4657 | Temple   | Found a transporter.
  4657 | Temple   | Found a transporter.
  4686 | Temple   | Became a worshipper of Gozag Ym Sagoz the Greedy
  5058 | D:6      | Noticed a vampire mosquito
  5059 | D:6      | Noticed a vampire mosquito
  5060 | D:6      | Noticed a vampire mosquito
  5061 | D:6      | Noticed a vampire mosquito
  5094 | D:6      | Killed a vampire mosquito
  5095 | D:6      | Reached XP level 8. HP: 37/67 MP: 12/12
  5455 | D:6      | Found a shimmering blue altar of Sif Muna.
  5455 | D:6      | Found a burning altar of Makhleb.
  6003 | D:6      | Paralysed by a centaur for 3 turns
  6008 | D:6      | Paralysed by a centaur for 4 turns
  6352 | D:7      | Noticed a yak
  6353 | D:7      | Noticed a yak
  6353 | D:7      | Noticed a yak
  6354 | D:7      | Noticed a yak
  6354 | D:7      | Noticed a yak
  6371 | D:7      | Reached XP level 9. HP: 73/73 MP: 13/15
  6458 | D:7      | Reached skill level 5 in Invocations
  7026 | D:7      | HP: 2/74 [yak (3)]
  7027 | D:7      | Slain by a yak

Illustrated notes

Levels and vault maps discovered:
D:1:      spicycebolla_arrival_clurvy, layout_loops_ring
D:2:      layout_loops_corners, hellmonk_ecumenical_altar_dog_temple,
          minmay_crystal_room
D:3:      layout_rooms, gammafunk_ghost_arena
D:4:      layout_gridville, uniq_blork_the_orc, uniq_natasha
D:5:      layout_basic, minmay_temple_entry_statues_pillars, serial_shops, shop
D:6:      layout_rooms, gammafunk_temple_overflow_pools
D:7:      layout_layer_cave
Temple:   hellmonk_temple_divided_pantheon

Skill      XL: |  1  2  3  4  5  6  7  8  9 |
---------------+----------------------------+-----
Invocations    | 1 2 3 4 5 |  5.4
Short Blades   | 1 2 3 4 |  4.9
Long Blades    | 1 2 3 4 |  4.9
Axes           | 1 2 3 4 |  4.9
Maces & Flails | 1 2 3 4 |  4.9
Staves         | 1 2 3 4 |  4.9
Ranged Weapons | 1 2 3 4 |  4.9
Throwing       | 1 2 3 4 |  4.9
Dodging        | 1 2 3 4 |  4.9
Stealth        | 1 2 3 4 |  4.9
Unarmed Combat | 1 2 3 4 |  4.9
Spellcasting   | 1 2 3 4 |  4.9
Evocations     | 1 2 3 4 |  4.9
Conjurations   | 1 2 3 4 |  4.1
Hexes          | 1 2 3 4 |  4.1
Summonings     | 1 2 3 4 |  4.1
Necromancy     | 1 2 3 4 |  4.1
Translocations | 1 2 3 4 |  4.1
Transmutations | 1 2 3 4 |  4.1
Fire Magic     | 1 2 3 4 |  4.1
Ice Magic      | 1 2 3 4 |  4.1
Air Magic      | 1 2 3 4 |  4.1
Earth Magic    | 1 2 3 4 |  4.1
Poison Magic   | 1 2 3 4 |  4.1
Polearms       | 5 6 |  6.8
Fighting       | 7 8 |  8.3
Armour         | 7 8 |  8.3
Shields        | 7 8 |  8.3

Action                   |  1- 3 |  4- 6 |  7- 9 || total
-------------------------+-------+-------+-------++-------
Melee: Trident           |    88 |   144 |   454 ||   686
       Bite              |     3 |    15 |    50 ||    68
Evoke: Wand              |       |     1 |       ||     1
  Use: Scroll            |     4 |     6 |     6 ||    16
       Potion            |       |     3 |     9 ||    12
 Stab: Distracted        |       |       |     1 ||     1
Armor: Plate armour      |    36 |    94 |   252 ||   382
       Scale mail        |     2 |       |       ||     2
       Skin              |       |       |    29 ||    29
Dodge: Dodged            |    13 |    27 |    75 ||   115
Block: Buckler           |    18 |    41 |     3 ||    62
       Tower shield      |       |       |   388 ||   388
